 Dungeon Crawl Stone Soup version 0.26-a0-6-g448add79b7 (webtiles) character file.

Game seed: 10179655070986637383, levelgen mode: deterministic

50 RaHiT the Stinger (level 3, 0/28 HPs)
             Began as a Naga Venom Mage on May 24, 2020.
             Slain by an ice beast (4 damage)
             ... on level 1 of the Dungeon.
             The game lasted 00:09:59 (1347 turns).

RaHiT the Stinger (Naga Venom Mage)                 Turns: 1347, Time: 00:09:59

Health: 0/28       AC:  2    Str:  8 (10) XL:     3   Next: 79%
Magic:  6/6        EV: 10    Int: 15 (16) God:
Gold:   80         SH:  0    Dex:  8 (11) Spells: 3/6 levels left

rFire    x . .     SeeInvis +   (no weapon)
rCold    + . .     Gourm    .   (no shield)
rNeg     . . .     Faith    .   a - +0 robe
rPois    +         Spirit   .   (no helmet)
rElec    .         Reflect  .   (no cloak)
rCorr    .         Harm     .   (no gloves)
MR       .....                  (no barding)
Stlth    ++........             (no amulet)
HPRegen  0.09/turn              f - ring of ice
MPRegen  0.10/turn              (no ring)

@: very slow
A: large, see invisible, deformed body, poison resistance, slowness 2, slow
metabolism 1, spit poison 1, AC +1
a: Spit Poison


You were on level 1 of the Dungeon.
You were not hungry.

You visited 1 branch of the dungeon, and saw 2 of its levels.

You collected 80 gold pieces.

Inventory:

Missiles
 h - 22 bolts
 k - 16 arrows
Armour
 a - a +0 robe (worn)
 m - a +0 buckler
Jewellery
 f - a ring of ice (left hand)
Scrolls
 d - a scroll of blinking
 g - a scroll of identify
 j - a scroll of remove curse
Comestibles
 c - 4 rations


   Skills:
 - Level 2.0 Dodging
 - Level 3.0 Stealth
 - Level 2.0 Spellcasting
 - Level 1.0 Transmutations
 * Level 5.8 Poison Magic


You had 3 spell levels left.
You knew the following spells:

 Your Spells              Type           Power        Failure   Level  Hunger
a - Sting                 Tmut/Pois      ##..         5%          1    #......
b - Poisonous Vapours     Pois/Air       ##....       10%         2    ###....

Your spell library contained the following spells:

 Spells                   Type           Power        Failure   Level  Hunger
 Ignite Poison            Fire/Tmut/Pois #.......     26%         3    ###....
 Mephitic Cloud           Conj/Pois/Air  #.......     30%         3    ###....
 Olgreb's Toxic Radiance  Pois           ###.....     21%         4    #####..


Dungeon Overview and Level Annotations

Branches:
Dungeon (2/15)

Altars:
Ashenzari


Innate Abilities, Weirdness & Mutations

You cannot wear boots.
Your serpentine skin is tough. (AC +1)
You have supernaturally acute eyesight. (SInv)
Armour fits poorly on your strangely shaped body.
Your system is resistant to poisons. (rPois)
You cover ground very slowly.
You have a slow metabolism.
You can spit poison.


Message History

It was a potion of heal wounds.
You feel much better. The ice beast closely misses you. The ice beast hits you.
The ice beast freezes you. You resist. The ice beast hits you.
The ice beast freezes you. You resist.
The ice beast hits you but does no damage.
The ice beast hits you. The ice beast freezes you. You resist.
* * * LOW HITPOINT WARNING * * *
The ice beast barely misses you. The ice beast misses you.
The ice beast barely misses you.
There is a stone staircase leading up here.
The ice beast hits you but does no damage.
You climb upwards.
There is a stone staircase leading down here.
Okay, then.
Okay, then.
The ice beast hits you.
* * * LOW HITPOINT WARNING * * *
The ice beast freezes you. You resist.
You die...

#.# #.#
##.##.......##.....#### ##.#
#.# #.##..>.###.......# ...#
#.# #...)........#....#
#..###.#####..........[.#.#.##
##
#.........................#.#
#.
#..#.#.###.##...#.#####..##.#
##. ...################
#...##.###..
...###≈'<......Y>#
#(..##......
...##≈≈#........@#
#.#.........
##.#≈≈≈#.........#
#...#####... #.#≈≈≈#.........#
#....## ##.. #.#≈≈≈#.........#
#.).#.# ##. #.##≈≈#.........#
#.....#####. ####≈≈≈≈≈≈......#
#....(..)>.. #≈#≈≈≈≈≈≈≈≈≈≈.#
#.....#####. #≈##≈≈≈≈≈≈≈≈≈≈###
#...### #.
##≈##≈≈≈≈≈≈≈≈≈≈≈###...# #.


You could see an ice beast.

Vanquished Creatures
  An ooze (D:1)
  A worm (D:2)
  A dart slug (D:1)
  4 leopard geckos (D:1)
  6 bats (D:1)
  A giant cockroach (D:1)
  5 goblins (D:1)
  3 hobgoblins (D:1)
  2 frilled lizards (D:1)
  7 kobolds
  6 rats (D:1)
37 creatures vanquished.

Notes
Turn   | Place    | Note
-------+----------+-------------------------------------------
     0 | D:1      | RaHiT the Naga Venom Mage began the quest for the Orb.
     0 | D:1      | Reached XP level 1. HP: 15/15 MP: 3/3
   119 | D:1      | Reached XP level 2. HP: 22/22 MP: 1/5
   535 | D:1      | Learned a level 2 spell: Poisonous Vapours
   662 | D:1      | Reached skill level 5 in Poison Magic
   670 | D:1      | Reached XP level 3. HP: 28/28 MP: 2/6
  1288 | D:2      | Found a shattered altar of Ashenzari.
  1312 | D:2      | Noticed an ice beast
  1347 | D:1      | Slain by an ice beast

Illustrated notes

Levels and vault maps discovered:
D:1:      lemuel_arrival_river_passageway, layout_loops_ring, minmay_nonomino_d4
D:2:      layout_loops_ring, lemuel_crystal_altar, ashenzari_altar_1

Skill      XL: |  1  2 |
---------------+-------+-----
Dodging        | 2 |  2.0
Poison Magic   | 5 |  5.8
Stealth        | |  3.0
Spellcasting   | |  2.0
Transmutations | |  1.0

Action                   || total
-------------------------++-------
Melee: Unarmed           ||    19
 Cast: Sting             ||    15
       Poisonous Vapours ||    16
 Abil: Spit Poison       ||    20
  Use: Scroll            ||     4
       Potion            ||     2
  Eat: Chunk             ||     3
Armor: Robe              ||    12
Dodge: Dodged            ||    27

Table legend:
 A = Non-vault XP
 B = Vault XP
 C = Vault XP percentage of total XP
 D = Non-vault monster count
 E = Vault monster count
 F = Vault count percentage of total count
                 A         B        C        D         E       F
            +---------+---------+-------+---------+---------+-------
      Total |      60 |      12 |  16.7 |      30 |       7 |  18.9
            +---------+---------+-------+---------+---------+-------
        D:1 |      53 |      12 |  18.5 |      28 |       7 |  20.0
        D:2 |       7 |       0 |   0.0 |       2 |       0 |   0.0
            +---------+---------+-------+---------+---------+-------
